 Dungeon Crawl Stone Soup version 0.28.0-1-gb440e238dd (webtiles) character file.

Game seed: 5598293934118723867

258 safid the Chopper (level 6, -3/52 HPs)
             Began as a Hill Orc Fighter on Feb 21, 2022.
             Was an Initiate of Beogh.
             Splashed by a jelly's acid (7 damage)
             ... on level 4 of the Dungeon.
             The game lasted 00:04:48 (3609 turns).

safid the Chopper (Hill Orc Fighter)                Turns: 3609, Time: 00:04:49

Health: -3/52      AC: -1    Str: 21    XL:     6   Next: 16%
Magic:  6/6        EV:  9    Int:  8    God:    Beogh [......]
Gold:   130        SH:  4    Dex: 10    Spells: 5/5 levels left

rFire   + . .      SeeInvis .   a - +0 war axe
rCold   + . .      Faith    .   c - +0 buckler
rNeg    . . .      Spirit   .   b - +0 scale mail
rPois   .          Reflect  .   (no helmet)
rElec   .          Harm     .   y - scarf {rC+ rF+}
rCorr   .          Rampage  .   (no gloves)
Will    .....                   u - +2 pair of boots
Stlth   ..........              (no amulet)
HPRegen 0.17/turn               (no ring)
MPRegen 0.10/turn               (no ring)

@: corroded
A: no striking features
a: Renounce Religion


You were on level 4 of the Dungeon.
You worshipped Beogh.
Beogh was noncommittal.
You visited 1 branch of the dungeon, and saw 4 of its levels.

You collected 130 gold pieces.

Inventory:

Hand Weapons
 a - a +0 war axe (weapon)
 s - the +6 scimitar "Duuh Jimn" {spect, rElec rN+}
   (You took it off a hobgoblin on level 3 of the Dungeon)

   When its wielder attacks, the weapon's spirit leaps out and strikes again.
   The spirit shares a part of any damage it takes with its wielder.
   rElec:     It insulates you from electricity.
   rN:        It protects you from negative energy.
Missiles
 f - 24 poisoned darts (quivered)
 h - 3 boomerangs
Armour
 b - a +0 scale mail (worn)
 c - a +0 buckler (worn)
 u - a +2 pair of boots (worn)
 y - a scarf of resistance (worn)
Jewellery
 o - a ring of ice
 w - a +6 ring of strength
Scrolls
 e - 4 scrolls of identify {unknown}
 i - 4 scrolls of teleportation {unknown}
 j - 2 scrolls of silence {unknown}
 p - a scroll of enchant weapon {unknown}
Potions
 d - 3 potions of might
 g - a potion of brilliance {unknown}
 k - a potion of haste {unknown}
 l - 2 potions of heal wounds {unknown}
 m - a potion of degeneration {unknown}
 n - a potion of berserk rage {unknown}
 q - a potion of lignification {unknown}
 r - a potion of attraction {unknown}
 t - a potion of invisibility {unknown}
 v - 2 potions of curing {unknown}
 x - a potion of mutation {unknown}


   Skills:
 - Level 4.0 Fighting
 + Level 6.6 Axes
 - Level 4.0 Armour
 - Level 1.0 Dodging
 - Level 0.4 Stealth
 - Level 4.0 Shields


You had 5 spell levels left.
You didn't know any spells.
Your spell library contained the following spells:

 Spells                   Type           Power      Damage    Failure   Level
 Magic Dart               Conj           0%         1d3       83%         1
 Searing Ray              Conj           0%         2d4       92%         2
 Gell's Gravitas          Tloc           0%         N/A       99%         3
 Lesser Beckoning         Tloc           0%         N/A       99%         3
 Teleport Other           Tloc           0%         N/A       99%         3
 Fulminant Prism          Conj/Hex       0%         3d6       100%        4


Dungeon Overview and Level Annotations

Branches:
Dungeon (4/15)
 Temple: D:4-7

Altars:
Dithmenos
Fedhas
Gozag

Annotations:
D:3 1 runed translucent door, Crazy Yiuf


Message History

You barely miss the orc. The orc hits you but does no damage.
The orc closely misses you. The orc hits you but does no damage.
The jelly hits you but does no damage.
You barely miss the orc.
The orc is almost dead.
You hit the orc. You hit the orc but do no damage. You slash the jelly!
The acid corrodes you!
Your hands burn!
The orc hits you but does no damage. x2
The orc hits you with a +0 hand axe. You block the jelly's attack.
You hit the orc.
You kill the orc!
Beogh accepts your kill.
You completely miss the jelly. You barely miss the orc. You hit the orc.
You kill the orc!
Beogh accepts your kill. You block the orc's attack.
The jelly hits you but does no damage. The orc hits you but does no damage.
You hit the jelly but do no damage. The acid corrodes you!
Your hands burn!
The jelly is severely wounded.
You hit the orc but do no damage. The jelly barely misses you.
The orc closely misses you.
Unknown command.
You hit the jelly.
Your hands burn!
The jelly is severely wounded.
You hit the orc. The jelly hits you.
You are splashed with acid!
The orc misses you. The jelly hits you. The acid corrodes you!
You are splashed with acid!
* * * LOW HITPOINT WARNING * * *
Unknown command.
You are too injured to fight recklessly!
You are too injured to fight recklessly!
You closely miss the orc.
The orc is almost dead.
You slash the jelly!
Your hands burn!
* * * LOW HITPOINT WARNING * * *
The orc hits you with a +0 dagger.
* * * LOW HITPOINT WARNING * * *
The jelly hits you.
* * * LOW HITPOINT WARNING * * *
You are splashed with acid!
You die...

...#.....#............#
...#.....#.)..........#
...#.....#............#
...#.....#............#
...#..........).......#
...#.....#...##.......#
...#.....##+###.......#
'###.....# ###.#######
...#.##### #..@).....#
...###..## #.Jo).....#
...##....# #.........#
...##.⌠._# #.........#
...#.....# #.........#
...#....## ..........#
...'...8# ...........#
####....##
............# #.....#


You could see a jelly and an orc.

Vanquished Creatures
  A centaur (D:3)
  A jelly (D:4)
  3 gnolls (D:2)
  5 adders
  An adder skeleton (D:4)
  3 dart slugs
  3 orcs
  7 endoplasms
  A giant cockroach (D:1)
  2 goblins (D:1)
  11 hobgoblins
  2 jackals (D:1)
  5 kobolds
  3 quokkas
  2 ball pythons (D:1)
  5 bats
  A frilled lizard (D:3)
  7 rats
63 creatures vanquished.

Vanquished Creatures (others)
  An orc (D:3)
  A kobold (D:3)
2 creatures vanquished.

Grand Total: 65 creatures vanquished

Notes
Turn   | Place    | Note
-------+----------+-------------------------------------------
     0 | D:1      | safid the Hill Orc Fighter began the quest for the Orb.
     0 | D:1      | Reached XP level 1. HP: 19/19 MP: 1/1
   181 | D:1      | Reached XP level 2. HP: 27/27 MP: 2/2
   474 | D:1      | Found a faded altar of an unknown god.
   481 | D:1      | Reached skill level 3 in Axes
   846 | D:2      | Reached XP level 3. HP: 33/33 MP: 3/3
   867 | D:2      | Reached skill level 4 in Axes
   867 | D:2      | Reached XP level 4. HP: 16/40 MP: 4/4
  1941 | D:3      | Identified the +6 scimitar "Duuh Jimn" {spect, rElec rN+}
  2366 | D:3      | Noticed a centaur
  2378 | D:3      | Reached skill level 5 in Axes
  2379 | D:3      | Reached XP level 5. HP: 10/46 MP: 5/5
  2382 | D:3      | Killed a centaur
  2383 | D:3      | Reached skill level 6 in Axes
  2686 | D:3      | Became a worshipper of Beogh the Brigand
  2703 | D:3      | Found an opulent altar of Gozag.
  2847 | D:3      | Found a runed translucent door.
  2848 | D:3      | Noticed Crazy Yiuf
  3204 | D:4      | Reached skill level 1 in Dodging
  3204 | D:4      | Reached XP level 6. HP: 46/52 MP: 6/6
  3495 | D:4      | Found a blossoming altar of Fedhas.
  3495 | D:4      | Found a shadowy altar of Dithmenos.
  3609 | D:4      | Splashed by a jelly's acid

Illustrated notes

Levels and vault maps discovered:
D:1:      wheals_arrival_shading, layout_loops_corners,
          hellmonk_ecumenical_altar_dog_temple
D:2:      layout_basic, lightli_corner_chamber
D:3:      layout_loops_cross, lemuel_crystal_altar, uniq_crazy_yiuf_cottage
D:4:      layout_gridville, gammafunk_temple_overflow_pools

Skill      XL: |  1  2  3  4  5 |
---------------+----------------+-----
Axes           | 3 4 5 6 |  6.6
Fighting       | 4 |  4.0
Armour         | 4 |  4.0
Shields        | 4 |  4.0
Dodging        | 1 |  1.0
Stealth        | |  0.4

Action                   |  1- 3 |  4- 6 || total
-------------------------+-------+-------++-------
Melee: War axe           |    52 |   110 ||   162
Invok: Convert to Beogh  |       |     1 ||     1
Armor: Scale mail        |    27 |    67 ||    94
Dodge: Dodged            |    33 |    73 ||   106
Block: Buckler           |    10 |    25 ||    35
